 Dungeon Crawl Stone Soup version 0.21-a0-128-gf2b353c (console) character file.

7261 utis the Destroyer (level 11, -2/81 HPs)
             Began as a Human Wanderer on July 16, 2017.
             Slain by Grum
             ... wielding a +0 halberd of venom
              (9 damage)
             ... on level 9 of the Dungeon.
             The game lasted 00:57:45 (16135 turns).

utis the Destroyer (Human Wanderer)                Turns: 16135, Time: 00:57:45

Health: -2/81      AC: 10    Str: 11    XL:     11   Next: 34%
Magic:  11/18      EV: 11    Int: 25    God:
Gold:   450        SH:  6    Dex: 11    Spells: 4/19 levels left

rFire    . . .     SeeInvis .   a - +3 morningstar (freeze)
rCold    . . .     Gourm    .   (no shield)
rNeg     . . .     Faith    .   Q - +0 ring mail
rPois    .         Spirit   .   (no helmet)
rElec    .         Reflect  +   q - +0 cloak
rCorr    .         Harm     .   m - +0 pair of gloves
MR       .....                  V - +2 pair of boots
Stlth    +.........             w - +6 amulet of reflection
HPRegen  0.23/turn              j - ring of Xoal {Int+4 Dex-2}
MPRegen  0.16/turn              I - +4 ring of intelligence

@: lethally poisoned (-2 -> -18), studying Air Magic
A: no striking features
a: no special abilities


You were on level 9 of the Dungeon.
You were not hungry.

You visited 1 branch of the dungeon, and saw 9 of its levels.

You collected 450 gold pieces.

Inventory:

Hand Weapons
 a - a +3 morningstar of freezing (weapon)
 b - a +0 shortbow
 Y - a +0 whip of electrocution
Missiles
 c - 218 arrows
 n - 268 stones (quivered)
 H - 4 curare-tipped needles {=f}
 J - 73 bolts
 M - 78 sling bullets
 N - 5 tomahawks
 P - 18 poisoned needles
Armour
 m - a +0 pair of gloves (worn)
 q - a +0 cloak (worn)
 u - a +0 scale mail
 Q - a +0 ring mail (worn)
 V - a +2 pair of boots (worn)
Jewellery
 j - the ring of Xoal (left hand) {Int+4 Dex-2}
   (You found it on level 7 of the Dungeon)

   [ring of dexterity]

   It affects your intelligence (+4).
   It affects your dexterity (-2).
 w - a +6 amulet of reflection (around neck)
 C - an uncursed ring of ice
 I - a +4 ring of intelligence (right hand)
Wands
 B - a wand of random effects (48/48)
 U - a wand of confusion (18/48)
Scrolls
 i - a scroll of torment {unknown}
 k - 2 scrolls of amnesia
 o - 2 scrolls of teleportation {@r4}
 r - 2 scrolls of vulnerability {unknown}
 s - 3 scrolls of recharging
 z - a scroll of noise {unknown}
 D - a scroll of magic mapping {unknown}
 R - a scroll of blinking {unknown}
 T - a scroll of immolation {unknown}
 X - a scroll of enchant weapon {unknown}
 Z - 3 scrolls of remove curse {@r2}
Potions
 e - a potion of lignification {unknown}
 g - a potion of brilliance
 h - a potion of ambrosia
 v - a potion of cancellation
 x - 2 potions of mutation {!q}
 A - 2 potions of might
 E - a potion of haste {unknown}
 F - 2 potions of berserk rage {!q}
 G - 2 potions of heal wounds {unknown}
 O - 3 potions of agility
 S - 3 potions of resistance {unknown}
 W - 2 potions of flight
Books
 l - a book of Flames

   Spells                             Type                      Level
   a - Flame Tongue                   Conjuration/Fire             1
   b - Throw Flame                    Conjuration/Fire             2
   c - Conjure Flame                  Conjuration/Fire             3
   d - Inner Flame                    Hexes/Fire                   3
   e - Sticky Flame                   Conjuration/Fire             4
   f - Fireball                       Conjuration/Fire             5
 y - a manual of Air Magic
Miscellaneous
 t - a lightning rod (4/4)
Comestibles
 d - 5 chunks of flesh
 f - 7 bread rations {@e1}
 K - 5 royal jellies {@e3}
 L - 4 meat rations {@e1}


   Skills:
 - Level 6.2 Fighting
   Level 1.0(1.6) Axes
 - Level 2.1(2.2) Maces & Flails
 - Level 1.0 Throwing
 - Level 2.0 Armour
 - Level 3.6 Dodging
   Level 1.0 Shields
 + Level 4.7 Spellcasting
 * Level 9.4 Conjurations
   Level 1.0 Translocations
 + Level 9.2 Fire Magic
 - Level 5.2 Evocations


You had 4 spell levels left.
You knew the following spells:

 Your Spells              Type           Power        Failure   Level  Hunger
a - Flame Tongue          Conj/Fire      #####        1%          1    None
b - Fireball              Conj/Fire      ######....   12%         5    #####..
f - Throw Flame           Conj/Fire      ######       1%          2    None
o - Conjure Flame         Conj/Fire      ######..     1%          3    ##.....
y - Sticky Flame          Conj/Fire      ######..     4%          4    ####...


Dungeon Overview and Level Annotations

Branches:
Dungeon (9/15)             Temple (0/1) D:6            Lair (0/6) D:9
    Orc: D:9-12

Altars:
Ashenzari
Elyvilon
Gozag
Makhleb
Nemelex Xobeh
Ru
Sif Muna
Trog
Vehumet

Shops:
D:5 (:

Annotations:
D:3 exclusion: iguana
D:9 Grum


Message History

* * * LOW HITPOINT WARNING * * *
You are lethally poisoned!
Casting: Conjure Flame
Confirm with . or Enter, or press ? or * to list all spells.
You can't see any susceptible monsters within range! (Use Z to cast anyway.) Unknown command.
Unknown command.
You feel better. Something hits you!
* * * LOW HITPOINT WARNING * * *
You are lethally poisoned!
Enter note: bd
Casting: Conjure Flame
Confirm with . or Enter, or press ? or * to list all spells.
Aiming: Sticky Flame
Press: ? - help, Shift-Dir - straight line The sticky flame hits something.
Grum is covered in liquid flames!
* * * LOW HITPOINT WARNING * * *
You feel sick.
Grum burns!
The phantom blinks!
Grum hits you with a halberd of venom!
You die...

░.░ ░.░ ░........ ░.░ ░.░
░........ ░.░ ░.░ ░........ ░.░
░.░ ░........ ░.░ ░.░ ░........
░.░ ░.░ ░........ ░.░ ░.░
░........
░░░░░.░░░░░░░░░░.░░░░░░░░........
..........§..)..pg...............
░░░.░░░░░░h░░░░░....<..░░░░░░░...
░.░ ░.░ ░.......░ ... ░.░ ░.░
░.......░ ... ░.░ ░.░ ░.......░
... ░.░ ░.░ ░.......░ > ░.░ ░.░
░.......░ ░.░ ░.░ ░.......░ ░░░
░░░ ░░░░░░░░░


You could see Grum (burning) and a wolf.

Vanquished Creatures
  A two-headed ogre (D:8)
  The ghost of Gorglomux the Cleaver, a novice HOWr of Makhleb (D:6)
  A cyclops (D:6)
  Joseph (D:7)
  2 hornets (D:8)
  2 hippogriffs
  3 yaks
  A human (D:7)
  2 hogs (D:7)
  3 steam dragons
  2 hell hounds (D:9)
  2 sky beasts
  2 ice beasts
  A necrophage (D:9)
  2 phantoms
  4 centaurs
  2 ogres (D:8)
  A wolf (D:9)
  6 bullfrogs
  4 scorpions
  7 wights (D:6)
  A howler monkey (D:8)
  6 hounds
  6 crimson imps
  2 orc wizards
  A bullfrog skeleton (D:5)
  A centaur skeleton (D:9)
  6 orc priests
  11 worker ants
  Terence (D:2)
  A hound zombie (D:6)
  2 hound skeletons
  A howler monkey zombie (D:8)
  7 gnolls
  5 adders
  4 shadow imps
  An ooze (D:3)
  An adder zombie (D:7)
  3 worms
  2 dart slugs
  10 leopard geckos
  19 orcs
  6 bats
  5 giant cockroaches
  5 hobgoblins
  3 jackals (D:5)
  5 kobolds
  7 quokkas
  4 ball pythons
  4 frilled lizards
  4 goblins
  A leopard gecko skeleton (D:5)
  9 rats
194 creatures vanquished.

Notes
Turn   | Place    | Note
-------+----------+-------------------------------------------
     0 | D:1      | utis the Human Wanderer began the quest for the Orb.
     0 | D:1      | utis set off with: a book of Flames, a +0 shortbow, 22 arrows, a +0 hand axe, a +0 robe, a bread ration {@e1}
     0 | D:1      | Reached XP level 1. HP: 16/16 MP: 1/1
   127 | D:1      | Learned a level 1 spell: Flame Tongue
   383 | D:1      | Reached skill level 1 in Conjurations
   383 | D:1      | Reached XP level 2. HP: 19/22 MP: 0/3
  1321 | D:2      | Reached XP level 3. HP: 27/27 MP: 2/4
  1371 | D:2      | Reached skill level 1 in Spellcasting
  1406 | D:2      | Learned a level 3 spell: Conjure Flame
  1846 | D:2      | Noticed Terence
  1847 | D:2      | *shrug*
  1862 | D:2      | Killed Terence
  1862 | D:2      | Reached XP level 4. HP: 27/33 MP: 2/7
  2798 | D:3      | Learned a level 4 spell: Sticky Flame
  3928 | D:3      | Reached XP level 5. HP: 7/38 MP: 1/8
  5174 | D:4      | Reached XP level 6. HP: 44/44 MP: 5/9
  5708 | D:5      | Entered Level 5 of the Dungeon
  5849 | D:5      | Found Ulatuez's Book Shoppe.
  5859 | D:5      | I knew it
  6287 | D:5      | Noticed a yak
  6299 | D:5      | Killed a yak
  6299 | D:5      | Reached XP level 7. HP: 41/50 MP: 2/10
  6335 | D:5      | Noticed a yak
  6337 | D:5      | Noticed a yak
  6338 | D:5      | Noticed a yak
  6398 | D:4      | HP: 1/50 [yak (16)]
  7195 | D:5      | Noticed a steam dragon
  7238 | D:5      | Noticed a steam dragon
  7565 | D:4      | Reached skill level 5 in Conjurations
  7565 | D:4      | Reached skill level 5 in Fire Magic
  8006 | D:3      | gaaaaaaaaaaaaah
  8451 | D:5      | Found Kipife's Antique Weapon Shoppe.
  8602 | D:5      | Killed a yak
  8602 | D:5      | Reached XP level 8. HP: 50/56 MP: 4/11
  9009 | D:6      | Noticed Gorglomux's ghost (novice HOWr)
  9320 | D:5      | sigh
  9591 | D:6      | Found a staircase to the Ecumenical Temple.
  9723 | D:6      | Killed Gorglomux's ghost
  9723 | D:6      | Reached XP level 9. HP: 61/61 MP: 0/12
 10086 | D:6      | Reached skill level 1 in Maces & Flails
 10453 | D:6      | Noticed a cyclops
 10475 | D:6      | Killed a cyclops
 10475 | D:6      | Reached skill level 5 in Fighting
 10707 | D:6      | Learned a level 2 spell: Throw Flame
 10867 | D:6      | Found a bloodstained altar of Trog.
 11230 | D:7      | Found an opulent altar of Gozag.
 11249 | D:7      | Reached skill level 1 in Dodging
 11394 | D:7      | Noticed Joseph
 11449 | D:7      | Killed Joseph
 11449 | D:7      | Reached XP level 10. HP: 54/76 MP: 5/13
 11497 | D:7      | Reached skill level 1 in Evocations
 11825 | D:7      | gaaaaaaaah
 12086 | D:7      | Got a coiled granite ring
 12087 | D:7      | Identified the cursed ring of Xoal {Int+4 Dex-2} (You found it on level 7 of the Dungeon)
 12094 | D:7      | Found a sparkling altar of Nemelex Xobeh.
 12762 | D:7      | Found a deep blue altar of Sif Muna.
 12797 | D:7      | Reached skill level 5 in Evocations
 12904 | D:7      | Learned a level 5 spell: Fireball
 13029 | D:7      | Found a burning altar of Makhleb.
 13029 | D:7      | Found a faded altar of an unknown god.
 13035 | D:7      | Found a shattered altar of Ashenzari.
 13037 | D:7      | Found a faded altar of an unknown god.
 13039 | D:7      | Found a radiant altar of Vehumet.
 13141 | D:8      | Noticed a two-headed ogre
 13152 | D:8      | Killed a two-headed ogre
 13677 | D:8      | Found a white marble altar of Elyvilon.
 13900 | D:8      | Found a sacrificial altar of Ru.
 14221 | D:8      | Reached XP level 11. HP: 62/81 MP: 15/17
 15377 | D:9      | Found a staircase to the Lair.
 16096 | D:9      | Noticed Grum
 16135 | D:9      | bd
 16135 | D:9      | Slain by Grum

Vault maps used:
D:1:      ncdulo_lavacross
D:2:      first_bread, minmay_split_cup_small, uniq_terence
D:5:      kennysheep_steamy, serial_shops, shop, kennysheep_mini_moat,
          roderic_lattice_a
D:6:      minmay_cornered_nines, bloody_trog, minmay_temple_entry_glassed_door
D:7:      chequers_temple_overflow_minitemple, lemuel_blue_sif_altar,
          grunt_gozag_statues, grunt_livestock, nemelex_lonely_heart_becter,
          uniq_joseph
D:8:      kennysheep_blocky_room, kennysheep_little_box, elyvilon_altar_5
D:9:      amethyst_overflow_temple_binary, minmay_lair_entry_lava,
          hangedman_misty_isle, uniq_grum

Skill      XL: |  1  2  3  4  5  6  7  8  9 10 11 |
---------------+----------------------------------+-----
Conjurations   | 1 2 3 4 5 7 8 9 |  9.4
Spellcasting   | 2 4 |  4.7
Fire Magic     | 3 4 5 7 8 9 |  9.2
Maces & Flails | 2 |  2.1
Fighting       | 6 |  6.2
Dodging        | 3 |  3.6
Evocations     | 5 |  5.2
Axes           | |  1.0
Throwing       | |  1.0
Armour         | |  2.0
Shields        | |  1.0
Translocations | |  1.0

Action                   |  1- 3 |  4- 6 |  7- 9 | 10-12 || total
-------------------------+-------+-------+-------+-------++-------
Melee: Short sword       |    17 |   102 |    13 |       ||   132
       Hand axe          |     2 |       |       |       ||     2
       Spear             |       |    26 |    46 |       ||    72
       Whip              |       |       |   130 |    32 ||   162
       Morningstar       |       |       |       |   124 ||   124
 Fire: Shortbow          |    37 |    26 |       |     8 ||    71
Throw: Stone             |    11 |    89 |    37 |    26 ||   163
 Cast: Flame Tongue      |    23 |    81 |    89 |   154 ||   347
       Conjure Flame     |       |     2 |    18 |    34 ||    54
       Sticky Flame      |       |       |     7 |     2 ||     9
Evoke: Wand              |       |       |     1 |       ||     1
  Use: Scroll            |     3 |     6 |     6 |     6 ||    21
       Potion            |       |       |     2 |     1 ||     3
  Eat: Chunk             |     3 |    15 |    15 |    15 ||    48
       Bread ration      |       |       |     1 |     1 ||     2
Armor: Robe              |     6 |    51 |    15 |       ||    72
       Ring mail         |       |       |    61 |    87 ||   148
Dodge: Dodged            |    15 |    91 |   120 |    90 ||   316
Block: Other             |       |       |       |    20 ||    20
       Reflection        |       |       |       |     1 ||     1
